 Dungeon Crawl Stone Soup version 0.28-a0-477-g0b43c73ce0 (webtiles) character file.

Game seed: 17617678981947373031

11685 p00p3nd0rk the Cleaver (level 11, -18/90 HPs)
             Began as a Minotaur Fighter on Sept 17, 2021.
             Was a Priest of Hepliaklqana.
             Demolished by a boulder beetle (29 damage)
             ... on level 11 of the Dungeon.
             The game lasted 00:31:01 (10356 turns).

p00p3nd0rk the Cleaver (Minotaur Fighter)          Turns: 10356, Time: 00:31:01

Health: -18/90     AC: 12    Str: 21    XL:     11   Next: 52%
Magic:  10/10      EV: 13    Int:  9    God:    Hepliaklqana [***...]
Gold:   598        SH:  6    Dex: 13    Spells: 10/10 levels left

rFire   + . .      SeeInvis .   a - +0 war axe
rCold   + . .      Faith    .   c - +0 buckler
rNeg    . . .      Spirit   .   S - +3 ring mail of Weightlessness {rC+ rCorr Int+4}
rPois   .          Reflect  .   (helmet restricted)
rElec   .          Harm     .   (no cloak)
rCorr   +          Rampage  .   x - +0 pair of gloves
Will    .....                   l - +0 pair of boots
Stlth   ++........              w - amulet of regeneration
HPRegen 1.25/turn               u - ring of protection from fire
MPRegen 0.12/turn               (no ring)

@: slowed, very slow
A: reduced essence, horns 2, retaliatory headbutt
a: Renounce Religion, Recall Ancestor, Ancestor Identity, Transference


You were on level 11 of the Dungeon.
You worshipped Hepliaklqana.
Hepliaklqana was most pleased with you.
You visited 2 branches of the dungeon, and saw 12 of its levels.

You collected 598 gold pieces.

Inventory:

Hand Weapons
 a - a +0 war axe (weapon)
 A - a +1 demon whip of venom
 G - a +1 broad axe of distortion
Missiles
 q - 2 throwing nets (quivered)
 z - 39 poisoned darts
Armour
 b - a +0 scale mail
 c - a +0 buckler (worn)
 l - a +0 pair of boots (worn)
 x - a +0 pair of gloves (worn)
 C - a +1 scale mail of fire resistance
 H - +0 acid dragon scales
 S - the +3 ring mail of Weightlessness (worn) {rC+ rCorr Int+4}
   (You found it on level 9 of the Dungeon)

   Int:       It affects your intelligence (+4).
   rC:        It protects you from cold.
   rCorr:     It protects you from acid and corrosion.
 U - a +0 kite shield
Jewellery
 s - a ring of fire
 u - a ring of protection from fire (left hand)
 w - an amulet of regeneration (around neck)
 y - an amulet of the acrobat
 B - a ring of willpower
 E - a +6 ring of intelligence
 M - a +6 ring of intelligence
 W - a ring of poison resistance
Wands
 p - a wand of acid (8)
 K - a wand of charming (7)
 V - a wand of iceblast (12)
Scrolls
 e - 6 scrolls of identify {unknown}
 g - 5 scrolls of enchant armour {unknown}
 h - a scroll of fear {unknown}
 i - 2 scrolls of fog {unknown}
 j - 2 scrolls of blinking {unknown}
 k - 2 scrolls of immolation {unknown}
 m - a scroll of holy word {unknown}
 o - 5 scrolls of brand weapon {unknown}
 D - a scroll of torment {unknown}
 F - 3 scrolls of teleportation {unknown}
 J - a scroll of summoning {unknown}
 N - a scroll of enchant weapon {unknown}
 P - 2 scrolls of amnesia {unknown}
 Q - a scroll of vulnerability {unknown}
 T - a scroll of noise {unknown}
 X - a scroll of acquirement {unknown}
Potions
 d - a potion of might
 f - 10 potions of curing
 n - 3 potions of invisibility {unknown}
 r - 3 potions of degeneration {unknown}
 t - a potion of berserk rage {unknown}
 v - 3 potions of ambrosia {unknown}
 I - 2 potions of brilliance {unknown}
 L - 3 potions of attraction {unknown}
 O - a potion of lignification {unknown}
 R - 2 potions of heal wounds {unknown}


   Skills:
 + Level 10.2 Fighting
 + Level 14.0 Axes
 + Level 9.3 Armour
 + Level 6.3 Dodging
 + Level 3.5 Stealth
 + Level 7.3 Shields


You had 10 spell levels left.
You didn't know any spells.
Your spell library contained the following spells:

 Spells                   Type           Power      Damage    Failure   Level
 Foxfire                  Conj/Fire      0%         2x1d4     52%         1
 Ensorcelled Hibernation  Hex/Ice        0%         N/A       67%         2
 Slow                     Hex            0%         N/A       67%         2
 Confusing Touch          Hex            0%         N/A       88%         3
 Conjure Flame            Conj/Fire      0%         6-21      88%         3
 Inner Flame              Hex/Fire       0%         N/A       88%         3
 Spider Form              Tmut/Pois      0%         N/A       88%         3
 Flame Wave               Conj/Fire      0%         3d3       99%         4
 Sticky Flame             Conj/Fire      0%         2d3       99%         4
 Invisibility             Hex            0%         N/A       100%        6


Dungeon Overview and Level Annotations

Branches:
Dungeon (11/15)            Temple (1/1) D:4            Lair (0/6) D:8
    Orc (0/2) D:9

Altars:
Ashenzari
Cheibriados
Dithmenos
Elyvilon
Fedhas
Gozag
Hepliaklqana
Kikubaaqudgha
Makhleb
Nemelex Xobeh
Okawaru
Qazlal
Ru
Sif Muna
Trog
Uskayaw
Vehumet
Wu Jian
Xom
Yredelemnul
Zin
The Shining One
Beogh

Shops:
D:5 :*   D:6 (   D:7 [

Annotations:
D:9 1 runed translucent door, Beaer's ghost, novice VSHu


Innate Abilities, Weirdness & Mutations

Your life essence is reduced to manifest your ancestor. (-10% HP)
You have a pair of horns on your head.
You reflexively headbutt those who attack you in melee.


Message History

You feel very sick.
Amala gestures at Sonja while chanting.
Sonja seems to slow down.
The yak gores Amala!
A yak comes into view.
Amala hits the yak with a +0 dagger of draining!
Amala drains the yak.
You hit Sonja.
You kill Sonja!
You hit the yak.
You feel very sick.
The yak gores Amala!
The yak gores you.
Amala hits the yak but does no damage.
The yak gores Amala.
Your life force feels restored.
Your Axes skill increases to level 14!
You feel sick. You block the yak's attack.
Amala hits the yak with a +0 dagger of draining.
The yak gores Amala.
The yak closely misses you.
You feel sick.
Amala gestures at the yak while chanting.
The yak resists with some effort.
The boulder beetle curls into a ball and begins rolling!
The yak gores Amala.
The yak gores you!
* * * LOW HITPOINT WARNING * * *
The yak barely misses you.
Amala points at the yak and mumbles some strange words.
The yak seems to slow down.
The yak barely misses Amala.
You feel sick.
The yak gores Amala!
Amala is destroyed!
The yak gores you.
* * * LOW HITPOINT WARNING * * *
The boulder beetle hits you!
* * * LOW HITPOINT WARNING * * *
The boulder beetle stops rolling and uncurls.
You block the yak's attack. The yak closely misses you.
You feel sick.
The boulder beetle curls into a ball and begins rolling!
You feel sick.
You are no longer poisoned.
The boulder beetle hits you!!
You die... #....... ......... #.....# #PPPPP..

##########.....+
#PP_PP..
...............#
#PPP.P..
.......$.......#
#.PPP...
........Y..Y...#
#.......
.......Y.YYY○..#
#.......
######)####YB..#
#....... ..Y #.@###
#....... ..... #..#
#.....## #...... +..#
#.....#. #...... #..#
#.....#. #...... #.(# ..
#.....'. ###+#######..#
.... #.....#. ........#
... #.....#.
.(......###'#####.....##
........................


You could see a boulder beetle (rolling) and 6 yaks.

Vanquished Creatures
  3 two-headed ogres
  Sonja (D:11)
  A cyclops (D:11)
  Maggie (D:7)
  2 trolls (D:10)
  A wyvern (D:11)
  A wraith (D:10)
  A yak (D:6)
  A steam dragon (D:6)
  4 vampire mosquitoes (D:11)
  An acid dragon (D:9)
  A water moccasin (D:8)
  6 orc warriors
  3 black bears (D:8)
  2 sky beasts (D:6)
  2 ogres
  A necrophage (D:4)
  A centaur (D:6)
  2 phantoms
  3 kobold brigands
  5 bullfrogs
  A wyvern zombie (D:6)
  A scorpion (D:3)
  A water moccasin zombie (D:6)
  9 killer bees
  A water moccasin skeleton (D:5)
  2 wights (D:9)
  A howler monkey (D:11)
  6 bullfrog zombies (D:6)
  5 centaur zombies
  2 hounds
  2 jellies
  8 orc priests
  2 centaur skeletons (D:6)
  3 bullfrog skeletons (D:6)
  A gnoll shaman (D:8)
  3 iguanas
  12 orc wizards
  2 killer bee zombies (D:6)
  A hound zombie (D:5)
  7 gnolls
  8 adders
  3 white imps
  2 ufetubi
  3 worms
  38 orcs
  5 bats (D:2)
  3 endoplasms
  2 giant cockroaches (D:4)
  7 goblins
  10 hobgoblins
  4 jackals (D:1)
  3 quokkas
  5 ball pythons
  2 frilled lizards
  19 kobolds
  3 rats
230 creatures vanquished.

Vanquished Creatures (collateral kills)
  A boulder beetle (D:9)
  A two-headed ogre (D:10)
  Joseph (D:9)
  A komodo dragon (D:8)
  A vampire (D:10)
  2 orc warriors
  A centaur (D:8)
  A bullfrog (D:8)
  A water moccasin zombie (D:7)
  A killer bee (D:9)
  A wight (D:9)
  A centaur zombie (D:8)
  3 orcs
  2 goblins (D:9)
  3 kobolds
21 creatures vanquished.

Vanquished Creatures (others)
  2 hexers
  An ancestor (D:6)
  35 fungi
  26 plants (D:8)
  3 withered plants (D:6)
67 creatures vanquished.

Grand Total: 318 creatures vanquished

Notes
Turn   | Place    | Note
-------+----------+-------------------------------------------
     0 | D:1      | p00p3nd0rk the Minotaur Fighter began the quest for the
                  | Orb.
     0 | D:1      | Reached XP level 1. HP: 19/19 MP: 0/0
   270 | D:1      | Reached XP level 2. HP: 24/27 MP: 1/1
   877 | D:2      | Reached XP level 3. HP: 7/33 MP: 2/2
  1271 | D:2      | Reached skill level 3 in Axes
  1306 | D:2      | Reached XP level 4. HP: 40/40 MP: 3/3
  1577 | D:2      | Reached skill level 5 in Armour
  1800 | D:3      | Reached XP level 5. HP: 42/46 MP: 4/4
  1918 | D:3      | Reached skill level 4 in Axes
  2129 | D:3      | Reached skill level 1 in Dodging
  2198 | D:3      | Found a shadowy altar of Dithmenos.
  2390 | D:3      | Found a faded altar of an unknown god.
  2515 | D:3      | Reached XP level 6. HP: 53/53 MP: 5/5
  2531 | D:3      | Reached skill level 5 in Axes
  2888 | D:4      | Found a staircase to the Ecumenical Temple.
  2905 | Temple   | Entered the Ecumenical Temple
  2984 | Temple   | Became a worshipper of Hepliaklqana the Forgotten
  3194 | D:4      | Reached skill level 5 in Fighting
  3264 | D:4      | Reached skill level 6 in Axes
  3264 | D:4      | Reached XP level 7. HP: 57/61 MP: 6/6
  3941 | D:5      | Entered Level 5 of the Dungeon
  3941 | D:5      | Found Plog's Overcharged Wands.
  3998 | D:5      | Found Qerycl Erchi's Book Boutique.
  4334 | D:5      | Found a white marble altar of Elyvilon.
  4334 | D:5      | Found an opulent altar of Gozag.
  4810 | D:6      | Reached skill level 7 in Axes
  4810 | D:6      | Reached skill level 5 in Shields
  4911 | D:5      | Reached XP level 8. HP: 16/70 MP: 7/7
  5061 | D:6      | Reached * piety under Hepliaklqana
  5240 | D:6      | Reached skill level 8 in Axes
  5682 | D:6      | Found Litufa's Weapon Boutique.
  5734 | D:6      | Reached skill level 1 in Stealth
  5788 | D:6      | Reached skill level 9 in Axes
  5813 | D:6      | Reached XP level 9. HP: 68/71 MP: 8/8
  5918 | D:6      | Reached skill level 10 in Axes
  6330 | D:7      | Noticed Maggie
  6393 | D:7      | Killed Maggie
  6478 | D:7      | Found a burning altar of Makhleb.
  6478 | D:7      | Found a broken altar of Ashenzari.
  6478 | D:7      | Found a snail-covered altar of Cheibriados.
  6481 | D:7      | Found a stormy altar of Qazlal.
  6483 | D:7      | Found an ancient bone altar of Kikubaaqudgha.
  6484 | D:7      | Found an ornate altar of the Wu Jian Council.
  6484 | D:7      | Found a bloodstained altar of Trog.
  6485 | D:7      | Found a shimmering altar of Xom.
  6592 | D:7      | Reached ** piety under Hepliaklqana
  6611 | D:7      | Remembered your ancestor Amala as a hexer
  6688 | D:7      | Found Tuwiept's Armour Shop.
  7147 | D:8      | Noticed a komodo dragon
  7169 | D:8      | Reached skill level 11 in Axes
  7180 | D:8      | Killed a komodo dragon
  7204 | D:8      | Found a staircase to the Lair.
  7305 | D:8      | Reached XP level 10. HP: 79/79 MP: 9/9
  7680 | D:8      | Found an iron altar of Okawaru.
  7859 | D:9      | Noticed a boulder beetle
  7879 | D:9      | Killed a boulder beetle
  7880 | D:9      | Reached skill level 12 in Axes
  8053 | D:9      | Identified the +3 ring mail of Weightlessness {rC+ rCorr
                  | Int+4}
  8062 | D:9      | Got Neyjum Xuha's Guide on the Ensnaring Volcanoes
  8145 | D:9      | Found a runed translucent door.
  8145 | D:9      | Noticed Beaer's ghost (novice VSHu)
  8717 | D:9      | Noticed Joseph
  8764 | D:10     | Entered Level 10 of the Dungeon
  8845 | D:10     | Noticed a two-headed ogre
  8845 | D:10     | Noticed a two-headed ogre
  8851 | D:10     | Killed a two-headed ogre
  8852 | D:10     | Reached skill level 13 in Axes
  8852 | D:10     | Reached skill level 5 in Dodging
  8854 | D:10     | Killed a two-headed ogre
  8881 | D:10     | Noticed a two-headed ogre
  8884 | D:10     | Reached *** piety under Hepliaklqana
  8889 | D:10     | Killed a two-headed ogre
  8890 | D:10     | Reached XP level 11. HP: 81/87 MP: 10/10
  9140 | D:10     | HP: 3/87 [something (5)]
  9263 | D:9      | Found a staircase to the Orcish Mines.
  9469 | D:9      | Killed Joseph
 10086 | D:11     | Found a blossoming altar of Fedhas.
 10263 | D:11     | Noticed a two-headed ogre
 10274 | D:11     | Killed a two-headed ogre
 10275 | D:11     | Reached skill level 10 in Fighting
 10342 | D:11     | Noticed Sonja
 10344 | D:11     | Paralysed by Sonja for 3 turns
 10349 | D:11     | Noticed a boulder beetle
 10351 | D:11     | Killed Sonja
 10352 | D:11     | Reached skill level 14 in Axes
 10356 | D:11     | Demolished by a boulder beetle

Illustrated notes

Levels and vault maps discovered:
D:1:      amcnicky_arrival_flooded_fountain, layout_basic, columned_hall_lemuel,
          chequers_mini_garden
D:2:      layout_rooms, minmay_split_cup_small
D:3:      layout_basic, nicolae_dithmenos_the_darkroom,
          hellmonk_ecumenical_altar_defaced_shrine, dk_noncrumbling_2,
          minmay_misc_feat_ornament
D:4:      layout_rooms, minmay_temple_entry_crystal_x,
          hangedman_decor_clover_reticule
D:5:      layout_rooms, gammafunk_temple_overflow_pools, serial_shops,
          nicolae_shop_stone, nicolae_shop_overcharged_wands
D:6:      cheibrodos_barr_body, layout_basic, serial_undead, serial_undead_d,
          serial_undead_c, serial_undead_e, serial_undead_e, serial_undead_b,
          serial_undead_a, minmay_tree_intersection, nicolae_take_the_stairs
D:7:      layout_loops_ring, grunt_temple_overflow_open, serial_shops,
          shop_fountains, uniq_maggie
D:8:      layout_loops_ring, okawaru_ov_weapons_minmay,
          due_lair_maze_entry_diamond, item_on_display_a
D:9:      layout_loops_corners, david_orc_4, enter_bailey_5,
          gammafunk_ghost_grave, hangedman_decor_points, uniq_joseph
D:10:     layout_loops_cross
D:11:     layout_irregular_city, fedhas_altar_3, uniq_sonja
Temple:   jpeg_temple_alley_garden

Skill      XL: |  1  2  3  4  5  6  7  8  9 10 11 |
---------------+----------------------------------+-----
Armour         | 4 5 6 8 9 |  9.3
Shields        | 4 5 6 7 |  7.3
Fighting       | 4 5 7 8 9 10 | 10.2
Axes           | 3 4 6 7 9 11 13 14 | 14.0
Dodging        | 1 2 3 5 6 |  6.3
Stealth        | 1 3 |  3.5

Action                   |  1- 3 |  4- 6 |  7- 9 | 10-12 || total
-------------------------+-------+-------+-------+-------++-------
Melee: War axe           |    39 |   125 |   289 |   256 ||   709
       Headbutt          |     5 |    22 |    65 |    62 ||   154
Invok: Ancestor Life: He |       |       |     1 |       ||     1
 Stab: Distracted        |       |       |     3 |     3 ||     6
       Confused          |       |       |       |     5 ||     5
Armor: Scale mail        |    13 |    45 |   109 |       ||   167
       Acid dragon scale |       |       |    29 |    47 ||    76
       Ring mail         |       |       |       |    32 ||    32
Dodge: Dodged            |    20 |    76 |   128 |   130 ||   354
Block: Buckler           |     8 |    23 |    56 |    70 ||   157

Table legend: (Time is in decaauts)
 A = Elapsed time spent in this place.
 B = Non-inter-level travel time spent in this place.
 C = Inter-level travel time spent in this place.
 D = Time resting spent in this place.
 E = Time spent auto-exploring this place.
 F = Levels seen in this place.
 G = Mean time per level.
                   A        B        C        D        E       F      G
               +--------+--------+--------+--------+--------+-----+--------+
         Total |  10424 |   9771 |    653 |    322 |   6893 |  12 |  868.7 |
       Dungeon |  10176 |   9577 |    599 |    322 |   6750 |  11 |  925.1 |
        Temple |    247 |    193 |     54 |      0 |    143 |   1 |  247.0 |
               +--------+--------+--------+--------+--------+-----+--------+

Top non-repeatable levels by time:
     D:6: 1371 daAuts
     D:9: 1368 daAuts
     D:3: 1200 daAuts
     D:4: 948 daAuts
     D:5: 927 daAuts
     D:1: 857 daAuts
     D:2: 827 daAuts
    D:10: 795 daAuts
     D:8: 795 daAuts
     D:7: 790 daAuts
    D:11: 294 daAuts
  Temple: 247 daAuts
